 Dungeon Crawl Stone Soup version 0.20-a0-1018-ge435b50 (webtiles) character file.

88 alfred1011 the Vandal (level 4, -2/29 HPs)
             Began as a Halfling Hunter on Apr 17, 2017.
             Slain by a crocodile (4 damage)
             ... in a sewer.
             The game lasted 00:10:49 (2057 turns).

alfred1011 the Vandal (Halfling Hunter)             Turns: 2057, Time: 00:10:50

Health: -2/29      AC:  3    Str: 13    XL:     4   Next: 81%
Magic:  4/4        EV: 16    Int:  9    God:
Gold:   70         SH:  0    Dex: 15    Spells: 3/3 levels left

rFire    . . .     SeeInvis .   q - +1 hunting sling
rCold    . . .     Gourm    .   (shield restricted)
rNeg     . . .     Faith    .   c - +0 leather armour
rPois    .         Spirit   .   (no helmet)
rElec    .         Reflect  .   (no cloak)
rCorr    .         Harm     .   (no gloves)
MR       .....                  (no boots)
Stlth    ++........             (no amulet)
Regen    0.1/turn               (no ring)
MPRegen  0.1/turn               (no ring)

@: no status effects
A: mutation resistance 1
a: no special abilities


You were in a sewer.
You were not hungry.

You visited 1 branch of the dungeon, and saw 3 of its levels.
You also visited: Sewer.

You collected 70 gold pieces.

Inventory:

Hand Weapons
 q - a +1 hunting sling (weapon)
 w - a +0 short sword
Missiles
 b - 103 stones (quivered)
Armour
 c - a +0 leather armour (worn)
Jewellery
 a - an uncursed amulet of faith
Scrolls
 g - a scroll of remove curse
 h - a scroll of amnesia {unknown}
Potions
 e - 2 potions of curing {unknown}
 i - a potion of haste {unknown}
Comestibles
 f - a bread ration
 j - 6 fruits
 k - a meat ration


   Skills:
 - Level 1.7 Fighting
 + Level 7.2 Slings
 + Level 3.8 Dodging
 - Level 1.1 Stealth


You had 3 spell levels left.
You didn't know any spells.

Dungeon Overview and Level Annotations

Branches:
Dungeon (3/15)

Altars:
Cheibriados


Innate Abilities, Weirdness & Mutations

You are small and have problems with some larger weapons.
You are somewhat resistant to further mutation.


Message History

The crocodile is lightly wounded.
Firing (i - inventory):
b - 105 stones (quivered)
Press: ? - help, Shift-Dir - straight line, f/p - crocodile
Aim: a crocodile (lightly wounded)
You shoot a stone. The stone barely misses the crocodile.
Firing (i - inventory):
b - 104 stones (quivered)
Press: ? - help, Shift-Dir - straight line, f/p - crocodile
Aim: a crocodile (lightly wounded)
You shoot a stone. The stone barely misses the crocodile.
The crocodile barely misses you. The crocodile bites you!!
Ouch! That really hurt!
Why would you want to do that? The crocodile completely misses you.
The crocodile bites you!
* * * LOW HITPOINT WARNING * * *
The crocodile misses you. The crocodile closely misses you.
The crocodile bites you.
You die...

#.# #.# #.# #.#
####### #.#
##..@..## #.#
##...≈t..##
#.#######...≈≈≈...##
#..........≈≈≈≈≈.∩.#
#.#######...≈≈≈...##
#.# ##...≈...## #.#
##.....## #(#
####### .(.


You could see a crocodile.

Vanquished Creatures
  3 adders
  2 oozes (D:1)
  A dart slug (D:2)
  3 leopard geckos (D:3)
  9 giant cockroaches
  2 goblins
  6 hobgoblins
  10 bats
  2 frilled lizards (D:1)
  5 kobolds
  5 rats
48 creatures vanquished.

Notes
Turn   | Place    | Note
-------+----------+-------------------------------------------
     0 | D:1      | alfred1011 the Halfling Hunter began the quest for the Orb.
     0 | D:1      | Reached XP level 1. HP: 14/14 MP: 1/1
    14 | D:1      | Reached skill level 6 in Slings
    64 | D:1      | Reached XP level 2. HP: 16/19 MP: 2/2
   438 | D:1      | Reached XP level 3. HP: 16/24 MP: 3/3
  1359 | D:2      | Reached XP level 4. HP: 29/29 MP: 4/4
  1519 | D:2      | Found a snail-covered altar of Cheibriados.
  1664 | D:2      | Reached skill level 7 in Slings
  1926 | D:3      | Found a glowing drain.
  1966 | Sewer    | Entered a sewer
  2015 | Sewer    | Noticed a crocodile
  2057 | Sewer    | Slain by a crocodile

Vault maps used:
D:1:      minmay_arrival_radiant_lines
D:2:      kennysheep_slug_shrine
D:3:      portal_sewer_entry_f, uniq_grinder, uniq_purgy, uniq_natasha
Sewer:    sewer_big_baddie

Skill      XL: |  1  2  3  4 |
---------------+-------------+-----
Slings         | 6 7 |  7.2
Dodging        | 3 |  3.8
Fighting       | |  1.7
Stealth        | |  1.1

Action                   |  1- 3 |  4- 6 || total
-------------------------+-------+-------++-------
Melee: Short sword       |    21 |    12 ||    33
 Fire: Hunting sling     |    71 |    38 ||   109
  Use: Scroll            |       |     1 ||     1
  Eat: Chunk             |     1 |     2 ||     3
Armor: Leather armour    |     9 |       ||     9
Dodge: Dodged            |    20 |    29 ||    49
